 Dungeon Crawl Stone Soup version 0.28-a0-577-gb193047a1f (webtiles) character file.

Game seed: 14045103003860912103

70 vhaine the Bolt Thrower (level 4, -2/38 HPs)
             Began as a Minotaur Hunter on Oct 1, 2021.
             Slain by a sky beast (6 damage)
             ... on level 4 of the Dungeon.
             The game lasted 00:04:59 (2230 turns).

vhaine the Bolt Thrower (Minotaur Hunter)           Turns: 2230, Time: 00:05:00

Health: -2/38      AC:  5    Str: 18    XL:     4   Next: 3%
Magic:  3/3        EV: 11    Int:  8    God:
Gold:   131        SH:  0    Dex: 10    Spells: 3/3 levels left

rFire   . . .      SeeInvis .   a - +1 hand crossbow
rCold   . . .      Faith    .   (no shield)
rNeg    . . .      Spirit   .   e - +0 ring mail
rPois   .          Reflect  .   (helmet restricted)
rElec   .          Harm     .   (no cloak)
rCorr   .          Rampage  .   (no gloves)
Will    .....                   (no boots)
Stlth   +.........              (no amulet)
HPRegen 0.12/turn               (no ring)
MPRegen 0.08/turn               (no ring)

@: no status effects
A: horns 2, retaliatory headbutt
a: no special abilities


You were on level 4 of the Dungeon.
You visited 1 branch of the dungeon, and saw 4 of its levels.

You collected 131 gold pieces.

Inventory:

Hand Weapons
 a - a +1 hand crossbow (weapon)
 b - a +0 short sword
 f - a +0 whip
 g - a +0 spear
Missiles
 d - 55 bolts (quivered ammo)
Armour
 c - a +0 leather armour
 e - a +0 ring mail (worn)
Scrolls
 i - 2 scrolls of amnesia {unknown}
 j - a scroll of enchant armour {unknown}
 l - a scroll of noise {unknown}
 m - a scroll of acquirement {unknown}
 n - a scroll of identify {unknown}
 o - a scroll of vulnerability {unknown}
Potions
 h - a potion of brilliance {unknown}
 k - a potion of lignification {unknown}


   Skills:
 + Level 3.0 Fighting
 - Level 0.6 Short Blades
 - Level 0.5 Maces & Flails
 + Level 5.6 Crossbows
 - Level 0.1 Armour
 - Level 2.4 Dodging
 - Level 0.7 Stealth


You had 3 spell levels left.
You didn't know any spells.
Your spell library contained the following spells:

 Spells                   Type           Power      Damage    Failure   Level
 Ensorcelled Hibernation  Hex/Ice        0%         N/A       75%         2
 Tukima's Dance           Hex            0%         N/A       93%         3


Dungeon Overview and Level Annotations

Branches:
Dungeon (3/15)

Altars:
Cheibriados
Trog

Annotations:
D:3 Natasha


Innate Abilities, Weirdness & Mutations

You have a pair of horns on your head.
You reflexively headbutt those who attack you in melee.


Message History

Things that are here:
a +0 dagger; a kobold corpse A ball python comes into view.
You fall into a shaft and drop 2 floors!
The shaft crumbles and collapses.
A sky beast comes into view.
a - a +1 hand crossbow (weapon)
You shoot a bolt. The bolt closely misses the sky beast.
You shoot a bolt. The bolt closely misses the sky beast.
You shoot a bolt. The bolt barely misses the sky beast.
The sky beast flickers out of sight!
Deactivating autopickup; reactivate with Ctrl-A.
Something hits you. Something shocks you. Something hits you.
Something shocks you.
A sky beast appears from thin air!
Reactivating autopickup.
The sky beast hits you but does no damage.
Fire: 58 bolts
Press: ? - help, Q - select action Shift-Dir - straight line, f/p - sky beast
Aim: a sky beast (54% to hit)
You shoot a bolt. The bolt closely misses the sky beast.
The sky beast hits you. The sky beast shocks you.
Fire: 57 bolts
Press: ? - help, Q - select action Shift-Dir - straight line, f/p - sky beast
Aim: a sky beast (54% to hit)
You shoot a bolt. The bolt hits the sky beast.
The sky beast is lightly wounded.
The sky beast hits you.
* * * LOW HITPOINT WARNING * * *
The sky beast shocks you.
* * * LOW HITPOINT WARNING * * *
Fire: 56 bolts
Press: ? - help, Q - select action Shift-Dir - straight line, f/p - sky beast
Aim: a sky beast (lightly wounded, 54% to hit)
You shoot a bolt. The bolt hits the sky beast!
The sky beast is moderately wounded.
The sky beast hits you.
* * * LOW HITPOINT WARNING * * *
The sky beast shocks you.
You die...

.# . ##.
#.# #.#
##.###
#(...#
#Y##.#
##@# .#
#.(# .
#.## .#
##.# #
#..#
#..(.#
..Y.##..#
#####
##.# ##


You could see a sky beast.

Vanquished Creatures
  2 adders
  A worm (D:2)
  3 dart slugs
  2 ball pythons (D:1)
  2 giant cockroaches (D:1)
  4 hobgoblins
  3 jackals (D:1)
  2 quokkas
  7 bats
  A frilled lizard (D:1)
  3 goblins
  8 kobolds
  4 rats
42 creatures vanquished.

Notes
Turn   | Place    | Note
-------+----------+-------------------------------------------
     0 | D:1      | vhaine the Minotaur Hunter began the quest for the Orb.
     0 | D:1      | Reached XP level 1. HP: 18/18 MP: 0/0
   181 | D:1      | Reached XP level 2. HP: 25/25 MP: 1/1
   372 | D:1      | Reached skill level 5 in Crossbows
   801 | D:1      | Found a faded altar of an unknown god.
   830 | D:1      | Reached XP level 3. HP: 30/30 MP: 2/2
  1581 | D:2      | You fall into a shaft and drop 1 floor!
  1614 | D:3      | Found a snail-covered altar of Cheibriados.
  1728 | D:3      | Found a bloodstained altar of Trog.
  1844 | D:3      | Noticed Natasha
  2037 | D:2      | Reached XP level 4. HP: 38/38 MP: 3/3
  2213 | D:2      | You fall into a shaft and drop 2 floors!
  2213 | D:4      | Noticed a sky beast
  2230 | D:4      | Slain by a sky beast

Illustrated notes

Levels and vault maps discovered:
D:1:      lightli_arrival_noodles, layout_basic, basic_ecumenical_altar,
          minmay_pentomino_o2
D:2:      layout_rooms
D:3:      layout_basic, jmf_multi_god_temple, uniq_natasha
D:4:      layout_cave_pods, minmay_ruined_shrine

Skill      XL: |  1  2  3 |
---------------+----------+-----
Crossbows      | 5 |  5.6
Fighting       | 3 |  3.0
Short Blades   | |  0.6
Maces & Flails | |  0.5
Armour         | |  0.1
Dodging        | |  2.4
Stealth        | |  0.7

Action                   |  1- 3 |  4- 6 || total
-------------------------+-------+-------++-------
Melee: Short sword       |    14 |       ||    14
       Whip              |    90 |     4 ||    94
       Headbutt          |    10 |       ||    10
 Fire: Hand crossbow     |       |     6 ||     6
Armor: Ring mail         |    26 |     2 ||    28
       Leather armour    |     2 |       ||     2
Dodge: Dodged            |    70 |     3 ||    73

Table legend: (Time is in decaauts)
 A = Elapsed time spent in this place.
 B = Non-inter-level travel time spent in this place.
 C = Inter-level travel time spent in this place.
 D = Time resting spent in this place.
 E = Time spent auto-exploring this place.
 F = Levels seen in this place.
 G = Mean time per level.
                   A        B        C        D        E       F      G
               +--------+--------+--------+--------+--------+-----+--------+
         Total |   2247 |   2206 |     41 |    699 |   1138 |   4 |  561.8 |
       Dungeon |   2247 |   2206 |     41 |    699 |   1138 |   4 |  561.8 |
               +--------+--------+--------+--------+--------+-----+--------+

Top non-repeatable levels by time:
     D:1: 1050 daAuts
     D:2: 894 daAuts
     D:3: 285 daAuts
     D:4: 17 daAuts
